 Dungeon Crawl Stone Soup version 0.29-a0-321-gf1c400731a (webtiles) character file.

Game seed: 614051632081670747

9 Morbidden the Skirmisher (level 2, 22/24 HPs)
             Began as a Demonspawn Fighter on Apr 3, 2022.
             Quit the game on level 1 of the Dungeon.
             The game lasted 00:00:13 (227 turns).

Morbidden the Skirmisher (Demonspawn Fighter)        Turns: 227, Time: 00:00:14

Health: 22/24      AC:  6    Str: 16    XL:     2   Next: 3%
Magic:  2/2        EV:  8    Int:  9    God:
Gold:   31         SH:  4    Dex: 12    Spells: 1/1 levels left

rFire   . . .      SeeInvis .   a - +0 war axe
rCold   . . .      Faith    .   c - +0 buckler
rNeg    . . .      Spirit   .   b - +0 scale mail
rPois   .          Reflect  .   (helmet restricted)
rElec   .          Harm     .   (no cloak)
rCorr   .          Rampage  .   (no gloves)
Will    .....                   (no boots)
Stlth   ..........              (no amulet)
HPRegen 0.08/turn               (no ring)
MPRegen 0.08/turn               (no ring)

@: no status effects
A: antennae 1
a: no special abilities


You were on level 1 of the Dungeon.
You visited 1 branch of the dungeon, and saw 1 of its levels.

You collected 31 gold pieces.

Inventory:

Hand Weapons
 a - a +0 war axe (weapon)
Armour
 b - a +0 scale mail (worn)
 c - a +0 buckler (worn)
Potions
 d - a potion of might
 e - a potion of degeneration {unknown}


   Skills:
 + Level 3.1 Fighting
 + Level 2.0 Axes
 + Level 2.9 Armour
 + Level 2.8 Shields


You had one spell level left.
You didn't know any spells.
Your spell library was empty.

Dungeon Overview and Level Annotations

Branches:
Dungeon (1/15)

Altars:


Innate Abilities, Weirdness & Mutations

You have a pair of small antennae on your head.


Message History

There are monsters nearby!
You barely miss the bat. You hit the frilled lizard.
You kill the frilled lizard!
The bat barely misses you. The bat hits you but does no damage.
Your Axes skill increases to level 2!
A bat is nearby!
You barely miss the bat. The bat hits you but does no damage.
A bat is nearby!
You slash the bat!
You kill the bat!
Key pressed, stopping explore.
No target in view!
You now have 20 gold pieces (gained 7).
You now have 31 gold pieces (gained 11).
Key pressed, stopping explore.
No target in view!
Key pressed, stopping explore.
No target in view!
A rat comes into view.
The rat moves out of view.
No target in view!
Key pressed, stopping explore.
No target in view!
No target in view!
An endoplasm comes into view.
There are monsters nearby!
A goblin comes into view. It is wielding a +0 club.
The goblin shouts!
You hear an angry hiss.
The rat bites you.
The endoplasm hits you but does no damage.
There are monsters nearby!
You slash the endoplasm!
You kill the endoplasm!
You hit the rat.
You kill the rat!
You have reached level 2!
Your demonic ancestry asserts itself...
A pair of antennae grows on your head!
A goblin is nearby!
Are you sure you want to abandon this character and quit the game? (Confirm with "yes".)

####................######
####......†####.#####
#..........# #.##
#.######.).# #..#
#.#).O.#...# ##.##
#.#....#...#####..######.
#.#.(."#.................
#.#....#.########..###.##
#.######.#......@..#
#<.......#.......†..#
##########..........#
#..........# #..........#
#......g...# #..........#
#...........


You could see a goblin.

Vanquished Creatures
  3 bats (D:1)
  An endoplasm (D:1)
  A quokka (D:1)
  A frilled lizard (D:1)
  2 kobolds (D:1)
  A rat (D:1)
9 creatures vanquished.

Notes
Turn   | Place    | Note
-------+----------+-------------------------------------------
     0 | D:1      | Morbidden the Demonspawn Fighter began the quest for the
                  | Orb.
     0 | D:1      | Reached XP level 1. HP: 18/18 MP: 1/1
    11 | D:1      | Noticed an ogre
    99 | D:1      | Found a faded altar of an unknown god.
   227 | D:1      | Gained mutation: You have a pair of small antennae on your
                  | head. [demonic ancestry]
   227 | D:1      | Reached XP level 2. HP: 22/24 MP: 2/2
   227 | D:1      | Quit the game

Illustrated notes

Levels and vault maps discovered:
D:1:      evilmike_arrival_come_back, layout_basic,
          dreamdust_ecumenical_altar_statues, serial_shops, shop,
          minmay_tetromino_o4

Skill      XL: |  1 |
---------------+----+-----
Axes           | 2 |  2.0
Fighting       | |  3.1
Armour         | |  2.9
Shields        | |  2.8

Action                   || total
-------------------------++-------
Melee: War axe           ||    21
Armor: Scale mail        ||    22
Dodge: Dodged            ||     9
Block: Buckler           ||     3

Table legend: (Time is in decaauts)
 A = Elapsed time spent in this place.
 B = Non-inter-level travel time spent in this place.
 C = Inter-level travel time spent in this place.
 D = Time resting spent in this place.
 E = Time spent auto-exploring this place.
 F = Levels seen in this place.
 G = Mean time per level.
                   A        B        C        D        E       F      G
               +--------+--------+--------+--------+--------+-----+--------+
         Total |    236 |    236 |      0 |      0 |    176 |   1 |  236.0 |
       Dungeon |    236 |    236 |      0 |      0 |    176 |   1 |  236.0 |
               +--------+--------+--------+--------+--------+-----+--------+

Top non-repeatable levels by time:
     D:1: 236 daAuts
